[ AOE2 MATCH · #506620761 ]
UnrankedJapanese vs Mapuche
Player's team · WIN
Rival team · LOSS
[ REPLAY ANALYSIS · EXTRACTED FROM THE RECORDED GAME ]
Feudal
9:48
Castle
26:28
Imperial
44:14
| APM avg | 50.8 |
| APM peak | 102 |
| eAPM avg | 23.1 |
| Villagers / military | 191 / 46 |
Focus
⚔️ 28.9% · 🌾 71.1%
Samurai ×15 · Militia ×12 · Scorpion ×10 · Mangonel ×7 · Trebuchet (Packed) ×2
Feudal
11:42
Castle
24:58
Imperial
39:01
| APM avg | 79.8 |
| APM peak | 138 |
| eAPM avg | 28.6 |
| Villagers / military | 134 / 81 |
Focus
⚔️ 44.6% · 🌾 55.4%
Petard ×28 · Archer ×19 · Bolas Rider ×9 · Skirmisher ×8 · Mangonel ×6 · Trebuchet (Packed) ×6
Match map
Initial resources + every placement click. Lines = walls · curves = elevation contours. ◆ gold · ⬟ stone · ● berries · ✦ relic · ◌ wall gap
Your base· ✓ Map-separated
monkeyxmy's base· ✓ Map-separated
Smoothed initial terrain · ◌ = detected wall gap · hover for details
Inputs per minute
— 新竹 - - monkeyxmy
Build order — 新竹
First 150 of 419 actions detected
| 0:00 | Create | Villager (Male) |
| 0:01 | Create | Villager (Male) |
| 0:01 | Create | Villager (Male) |
| 0:01 | Create | Villager (Male) |
| 0:03 | Build | House |
| 0:06 | Research | Loom |
| 0:06 | Research | Loom |
| 0:13 | Create | Villager (Male) |
| 0:27 | Create | Villager (Male) |
| 0:27 | Create | Villager (Male) |
| 0:48 | Create | Villager (Male) |
| 0:48 | Create | Villager (Male) |
| 1:34 | Create | Villager (Male) |
| 2:01 | Create | Villager (Male) |
| 2:02 | Create | Villager (Male) |
| 2:22 | Build | Lumber Camp |
| 2:40 | Build | House |
| 3:07 | Create | Villager (Male) |
| 3:08 | Create | Villager (Male) |
| 3:24 | Build | House |
| 4:08 | Create | Villager (Male) |
| 4:08 | Create | Villager (Male) |
| 4:31 | Create | Villager (Male) |
| 4:31 | Create | Villager (Male) |
| 4:41 | Create | Villager (Male) |
| 4:41 | Create | Villager (Male) |
| 4:41 | Create | Villager (Male) |
| 4:41 | Create | Villager (Male) |
| 5:11 | Create | Villager (Male) |
| 5:11 | Create | Villager (Male) |
| 5:15 | Create | Villager (Male) |
| 5:18 | Build | House |
| 5:59 | Build | Mining Camp |
| 6:40 | Create | Villager (Male) |
| 7:11 | Build | Palisade Wall |
| 7:38 | Research | Feudal Age |
| 7:38 | Research | Feudal Age |
| 8:03 | Build | Barracks |
| 8:13 | Build | Barracks |
| 8:36 | Build | Mill |
| 8:57 | Create | Militia ×2 |
| 8:57 | Create | Militia ×2 |
| 9:13 | Build | House |
| 9:30 | Create | Militia |
| 9:41 | Build | Palisade Wall |
| 9:48 | Age | Feudal Age |
| 9:50 | Research | Man-at-Arms (upgrade) |
| 9:50 | Research | Man-at-Arms (upgrade) |
| 9:56 | Create | Villager (Male) |
| 9:56 | Create | Villager (Male) |
| 10:40 | Create | Villager (Male) |
| 10:40 | Create | Villager (Male) |
| 10:40 | Create | Villager (Male) |
| 10:56 | Build | Mining Camp |
| 10:57 | Build | Palisade Wall |
| 10:59 | Create | Villager (Male) |
| 10:59 | Create | Villager (Male) |
| 11:08 | Build | Watch Tower |
| 11:21 | Create | Villager (Male) |
| 11:21 | Create | Villager (Male) |
| 11:21 | Create | Villager (Male) |
| 11:42 | Create | Villager (Male) |
| 11:42 | Create | Villager (Male) |
| 12:08 | Create | Villager (Male) |
| 12:19 | Build | Farm |
| 12:20 | Build | Farm |
| 12:35 | Create | Villager (Male) |
| 12:35 | Create | Villager (Male) |
| 12:52 | Build | Watch Tower |
| 12:55 | Create | Villager (Male) |
| 12:56 | Create | Villager (Male) |
| 12:59 | Build | House |
| 13:03 | Build | House |
| 13:14 | Build | Farm |
| 13:24 | Create | Villager (Male) |
| 13:35 | Build | House |
| 13:36 | Build | House |
| 13:44 | Create | Villager (Male) |
| 13:44 | Create | Villager (Male) |
| 13:53 | Build | Stone Wall |
| 13:55 | Build | Stone Wall |
| 13:58 | Build | Stone Wall |
| 14:02 | Create | Villager (Male) |
| 14:02 | Create | Villager (Male) |
| 14:02 | Create | Villager (Male) |
| 14:29 | Build | Watch Tower |
| 14:41 | Create | Villager (Male) |
| 14:41 | Create | Villager (Male) |
| 14:41 | Create | Villager (Male) |
| 14:44 | Build | Farm |
| 14:44 | Build | Farm |
| 14:50 | Research | Double-Bit Axe |
| 14:50 | Research | Double-Bit Axe |
| 15:00 | Build | Blacksmith |
| 15:08 | Create | Militia |
| 15:08 | Create | Militia |
| 15:57 | Create | Militia ×2 |
| 15:57 | Create | Militia ×2 |
| 16:13 | Create | Militia |
| 16:31 | Create | Villager (Male) |
| 16:31 | Create | Villager (Male) |
| 16:31 | Create | Villager (Male) |
| 16:33 | Build | Farm |
| 16:47 | Build | Watch Tower |
| 16:55 | Create | Villager (Male) |
| 16:55 | Create | Villager (Male) |
| 16:55 | Create | Villager (Male) |
| 16:56 | Create | Villager (Male) |
| 17:16 | Research | Fletching |
| 17:17 | Research | Fletching |
| 17:17 | Create | Villager (Male) |
| 17:18 | Create | Villager (Male) |
| 17:47 | Build | Watch Tower |
| 17:48 | Create | Villager (Male) |
| 17:48 | Create | Villager (Male) |
| 17:48 | Create | Villager (Male) |
| 17:48 | Create | Villager (Male) |
| 18:03 | Create | Villager (Male) |
| 18:04 | Create | Villager (Male) |
| 18:04 | Create | Villager (Male) |
| 18:04 | Create | Villager (Male) |
| 18:07 | Build | House |
| 18:41 | Create | Villager (Male) |
| 18:41 | Create | Villager (Male) |
| 18:41 | Create | Villager (Male) |
| 18:50 | Build | Stone Wall |
| 18:53 | Build | Farm |
| 18:56 | Build | Farm |
| 19:02 | Build | Stone Wall |
| 19:12 | Create | Villager (Male) |
| 19:12 | Create | Villager (Male) |
| 19:13 | Create | Villager (Male) |
| 19:42 | Create | Villager (Male) |
| 19:42 | Create | Villager (Male) |
| 19:50 | Build | Farm |
| 20:19 | Build | Farm |
| 20:19 | Build | Farm |
| 20:21 | Build | Farm |
| 20:22 | Build | Farm |
| 20:24 | Research | Horse Collar |
| 20:24 | Research | Horse Collar |
| 20:57 | Create | Villager (Male) |
| 21:12 | Build | Stone Wall |
| 21:38 | Create | Villager (Male) |
| 21:39 | Create | Villager (Male) |
| 21:41 | Build | Farm |
| 21:42 | Build | Farm |
| 21:43 | Create | Villager (Male) |
| 21:44 | Create | Villager (Male) |
| 21:49 | Build | Gate |
Build order — monkeyxmy
First 150 of 350 actions detected
| 0:01 | Create | Villager (Male) |
| 0:01 | Create | Villager (Male) |
| 0:02 | Research | Loom |
| 0:03 | Create | Villager (Male) |
| 0:04 | Create | Villager (Male) |
| 0:05 | Build | House |
| 0:06 | Build | House |
| 0:21 | Create | Villager (Male) |
| 0:22 | Create | Villager (Male) |
| 1:51 | Create | Villager (Male) |
| 1:51 | Create | Villager (Male) |
| 2:10 | Create | Villager (Male) |
| 2:41 | Build | Settlement |
| 2:55 | Create | Villager (Male) |
| 2:55 | Create | Villager (Male) |
| 3:16 | Create | Villager (Male) |
| 3:51 | Create | Villager (Male) |
| 3:51 | Create | Villager (Male) |
| 4:21 | Create | Villager (Male) |
| 4:21 | Create | Villager (Male) |
| 4:57 | Create | Villager (Male) |
| 5:14 | Build | House |
| 5:26 | Create | Villager (Male) |
| 5:27 | Create | Villager (Male) |
| 5:42 | Build | Dock |
| 6:13 | Create | Villager (Male) |
| 6:15 | Create | Villager (Male) |
| 6:15 | Create | Villager (Male) |
| 6:33 | Create | Fishing Ship |
| 6:48 | Create | Villager (Male) |
| 6:54 | Create | Fishing Ship |
| 6:55 | Create | Villager (Male) |
| 6:59 | Build | House |
| 7:20 | Build | House |
| 7:27 | Build | Palisade Wall |
| 7:34 | Create | Fishing Ship |
| 7:48 | Create | Villager (Male) |
| 8:35 | Create | Villager (Male) |
| 9:02 | Create | Villager (Male) |
| 9:09 | Build | Barracks |
| 9:32 | Research | Feudal Age |
| 9:48 | Build | Barracks |
| 10:21 | Build | House |
| 10:34 | Build | Settlement |
| 10:47 | Create | Villager (Male) |
| 10:51 | Build | Palisade Wall |
| 10:55 | Build | House |
| 11:02 | Build | House |
| 11:42 | Age | Feudal Age |
| 11:45 | Build | Watch Tower |
| 11:50 | Build | Archery Range |
| 11:56 | Create | Skirmisher |
| 11:56 | Create | Skirmisher |
| 11:58 | Research | Double-Bit Axe |
| 11:58 | Create | Villager (Male) |
| 12:40 | Create | Villager (Male) |
| 12:40 | Create | Villager (Male) |
| 12:42 | Build | Farm |
| 12:48 | Create | Archer |
| 13:21 | Create | Archer |
| 13:22 | Create | Villager (Male) |
| 13:23 | Create | Villager (Male) |
| 13:40 | Create | Villager (Male) |
| 13:43 | Create | Archer |
| 14:04 | Create | Archer |
| 14:04 | Create | Villager (Male) |
| 14:10 | Build | House |
| 14:21 | Create | Villager (Male) |
| 15:19 | Create | Archer |
| 15:20 | Create | Villager (Male) |
| 15:22 | Build | Settlement |
| 15:42 | Create | Villager (Male) |
| 15:58 | Create | Villager (Male) |
| 15:58 | Create | Villager (Male) |
| 16:23 | Create | Villager (Male) |
| 16:25 | Build | Farm |
| 16:25 | Build | Farm |
| 16:27 | Build | Farm |
| 16:28 | Research | Horse Collar |
| 16:28 | Create | Villager (Male) |
| 16:30 | Create | Skirmisher |
| 16:30 | Create | Skirmisher |
| 16:46 | Build | Farm |
| 16:55 | Build | Farm |
| 17:02 | Create | Villager (Male) |
| 17:17 | Build | Farm |
| 17:18 | Build | Farm |
| 17:21 | Build | House |
| 17:24 | Create | Skirmisher |
| 17:26 | Create | Archer |
| 17:26 | Create | Villager (Male) |
| 17:32 | Create | Villager (Male) |
| 17:40 | Build | House |
| 18:02 | Build | Blacksmith |
| 18:12 | Create | Villager (Male) |
| 18:21 | Create | Villager (Male) |
| 18:35 | Build | House |
| 18:36 | Build | House |
| 18:38 | Build | Farm |
| 18:39 | Build | Farm |
| 18:40 | Create | Villager (Male) |
| 18:47 | Build | Settlement |
| 18:52 | Create | Archer |
| 18:53 | Create | Villager (Male) |
| 19:07 | Build | Farm |
| 19:19 | Build | Farm |
| 19:32 | Create | Archer |
| 19:39 | Build | Farm |
| 19:43 | Build | House |
| 19:46 | Build | Farm |
| 19:54 | Create | Villager (Male) |
| 20:18 | Build | House |
| 20:37 | Build | Farm |
| 20:39 | Build | Farm |
| 20:41 | Build | Farm |
| 20:50 | Build | House |
| 20:59 | Create | Skirmisher |
| 21:00 | Research | Fletching |
| 21:08 | Create | Villager (Male) |
| 21:23 | Build | House |
| 21:26 | Create | Archer |
| 21:35 | Create | Villager (Male) |
| 21:39 | Build | Farm |
| 21:41 | Create | Archer |
| 21:44 | Build | Archery Range |
| 21:53 | Create | Villager (Male) |
| 22:03 | Build | House |
| 22:18 | Research | Castle Age |
| 22:34 | Create | Archer |
| 22:40 | Build | Palisade Wall |
| 22:45 | Create | Archer |
| 22:45 | Create | Archer |
| 22:46 | Research | Gold Mining |
| 22:53 | Create | Skirmisher |
| 23:08 | Create | Archer |
| 23:19 | Build | House |
| 23:38 | Research | Padded Archer Armor |
| 23:49 | Create | Archer |
| 23:54 | Create | Skirmisher |
| 24:15 | Create | Unit 2626 |
| 24:28 | Create | Villager (Male) |
| 24:38 | Create | Archer |
| 24:44 | Create | Archer |
| 24:58 | Age | Castle Age |
| 25:07 | Build | Siege Workshop |
| 25:13 | Research | Crossbowman (upgrade) |
| 25:14 | Research | Bodkin Arrow |
| 25:21 | Create | Villager (Male) |
| 25:23 | Research | Bow Saw |
| 25:31 | Create | Archer |
Match timeline
| 5:42 | monkeyxmy · first_building Dock |
| 7:11 | 新竹 · wall_segment Palisade Wall x1 |
| 7:27 | monkeyxmy · wall_segment Palisade Wall x1 |
| 8:03 | 新竹 · first_building Barracks |
| 9:09 | monkeyxmy · first_building Barracks |
| 9:41 | 新竹 · wall_segment Palisade Wall x2 |
| 9:48 | 新竹 · age_up feudal |
| 10:51 | monkeyxmy · wall_segment Palisade Wall x3 |
| 10:57 | 新竹 · wall_segment Palisade Wall x1 |
| 11:42 | monkeyxmy · age_up feudal |
| 11:50 | monkeyxmy · first_building Archery Range |
| 13:53 | 新竹 · wall_segment Stone Wall x2 |
| 13:55 | 新竹 · wall_segment Stone Wall x1 |
| 13:58 | 新竹 · wall_segment Stone Wall x1 |
| 18:50 | 新竹 · wall_segment Stone Wall x14 |
| 19:02 | 新竹 · wall_segment Stone Wall x18 |
| 21:12 | 新竹 · wall_segment Stone Wall x10 |
| 22:40 | monkeyxmy · wall_segment Palisade Wall x7 |
| 23:15 | 新竹 · wall_segment Stone Wall x7 |
| 23:43 | 新竹 · wall_segment Stone Wall x7 |
| 24:11 | 新竹 · wall_segment Stone Wall x4 |
| 24:58 | monkeyxmy · age_up castle |
| 25:01 | 新竹 · wall_segment Stone Wall x13 |
| 25:07 | monkeyxmy · first_building Siege Workshop |
| 25:59 | 新竹 · first_market_buy 100 wood |
| 26:28 | 新竹 · age_up castle |
| 27:07 | 新竹 · first_market_sell 100 stone |
| 29:03 | 新竹 · first_building Siege Workshop |
| 31:17 | monkeyxmy · first_market_buy 100 stone |
| 34:59 | monkeyxmy · first_building Monastery |
| 39:01 | monkeyxmy · age_up imperial |
| 39:05 | 新竹 · first_building Castle |
| 40:21 | monkeyxmy · first_building Castle |
| 42:12 | monkeyxmy · first_market_sell 100 wood |
| 44:14 | 新竹 · age_up imperial |
| 47:34 | monkeyxmy · resign |
[ AI ANALYSIS · 1 CREDIT ]
What really happened in this match?
Wolo.gg analyzes every decision: build order, eco, micro, common mistakes by bracket. Personalized analysis on WhatsApp or Discord in 30 seconds.
Civ guide
Japanese
Perfil
Jugador #14547856